 Dungeon Crawl Stone Soup version 0.27-a0-1342-ga99462a43c (webtiles) character file.

Game seed: 4315964170310839882

4 Felido the Covered (level 1, 0/12 HPs)
             Began as a Deep Elf Wanderer on June 27, 2021.
             Slain by a jackal (2 damage)
             ... on level 1 of the Dungeon.
             The game lasted 00:01:02 (201 turns).

Felido the Covered (Deep Elf Wanderer)               Turns: 201, Time: 00:01:03

Health: 0/12       AC:  2    Str: 11    XL:     1   Next: 50%
Magic:  3/3        EV: 12    Int: 14    God:
Gold:   0          SH:  0    Dex: 14    Spells: 0/0 levels left

rFire    x . .     SeeInvis .   a - +2 shortbow
rCold    + . .     Faith    .   (shield currently unavailable)
rNeg     . . .     Spirit   .   c - +0 robe
rPois    .         Reflect  .   (no helmet)
rElec    .         Harm     .   (no cloak)
rCorr    .         Rampage  .   (no gloves)
Will     .....                  (no boots)
Stlth    ++........             (no amulet)
HPRegen  0.04/turn              d - ring of ice
MPRegen  0.08/turn              (no ring)

@: no status effects
A: no striking features
a: no special abilities


You were on level 1 of the Dungeon.
You visited 1 branch of the dungeon, and saw 1 of its levels.

Inventory:

Hand Weapons
 a - a +2 shortbow (weapon)
Missiles
 b - 19 arrows (quivered ammo)
Armour
 c - a +0 robe (worn)
Jewellery
 d - a ring of ice (left hand)


   Skills:
 + Level 1.0 Fighting
 + Level 1.5 Bows
 + Level 1.0 Throwing
 + Level 3.4 Armour
 + Level 1.2 Dodging
 + Level 1.2 Stealth
 + Level 1.0 Shields


You couldn't memorise any spells.
You didn't know any spells.
Your spell library contained the following spells:

 Spells                   Type           Power      Damage    Failure   Level
 Apportation              Tloc           0%         N/A       28%         1
 Summon Small Mammal      Summ           0%         N/A       28%         1
 Summon Guardian Golem    Hex/Summ       0%         N/A       65%         3
 Teleport Other           Tloc           0%         N/A       65%         3


Dungeon Overview and Level Annotations

Branches:
Dungeon (1/15)

Altars:


Message History

b - 25 arrows (gained 1)
You see here a frilled lizard corpse.
A ball python comes into view.
You shoot an arrow. The arrow hits the ball python!
You kill the ball python!
Found a knobbly granite ring.
Found 7 gold pieces.
b - 25 arrows (gained 1)
You see here a ball python corpse.
d - a ring of ice You feel more attuned to ice.
d - a ring of ice (left hand)
A jackal comes into view.
You shoot an arrow. The arrow hits the jackal.
The jackal barks!
The jackal is heavily wounded.
You hear a bark!
A jackal comes into view.
You shoot an arrow. The arrow barely misses the jackal.
You shoot an arrow. The arrow barely misses the jackal.
The jackal misses you.
You shoot an arrow. The arrow closely misses the jackal.
You shoot an arrow. The arrow closely misses the jackal.
The jackal bites you. x2
The jackal barely misses you.
You shoot an arrow. The arrow hits the jackal.
The jackal is severely wounded.
The jackal bites you. The jackal closely misses you. The jackal bites you.
You are too injured to fight recklessly!
You are too injured to fight recklessly!
Really attack while wielding your +2 shortbow? [Y]es or [N]o only, please.
Really attack while wielding your +2 shortbow?
You clumsily bash the jackal but do no damage.
The jackal is severely wounded.
The jackal bites you.
* * * LOW HITPOINT WARNING * * *
The jackal bites you but does no damage.
The jackal misses you.
The jackal bites you but does no damage.
The jackal closely misses you. The jackal bites you.
You die...

#(# #.# #.# #....
#.# #.##.. .....
#.# #.##.# #$..#
#.# #.##.# ...###
#.# #.##.# .....
###h###.##.# #..#
#..h@......####..#
#(#.###........†.#
#(#......#..######
#.########..#######
#. #..†.....# #(
#..#####.# #. #..#
#. #..# #..# #.


You could see 2 jackals.

Vanquished Creatures
  2 ball pythons (D:1)
  A goblin (D:1)
  A frilled lizard (D:1)
4 creatures vanquished.

Notes
Turn   | Place    | Note
-------+----------+-------------------------------------------
     0 | D:1      | Felido the Deep Elf Wanderer began the quest for the Orb.
     0 | D:1      | Felido set off with the following items: a +2 shortbow, 25
                  | arrows, a +0 robe; and the following spells available to
                  | memorise: Apportation, Summon Small Mammal, Summon Guardian
                  | Golem, Teleport Other
     0 | D:1      | Reached XP level 1. HP: 12/12 MP: 3/3
   201 | D:1      | Slain by a jackal

Illustrated notes

Levels and vault maps discovered:
D:1:      dpeg_arrival_pond, layout_loops_ring, serial_shops,
          nicolae_shop_waterfront, nicolae_square_shop, shop,
          nicolae_lakefront_shop

Action                   || total
-------------------------++-------
Melee: Shortbow          ||     1
 Fire: Shortbow          ||    10
Armor: Robe              ||     2
Dodge: Dodged            ||     5

Table legend: (Time is in decaauts)
 A = Elapsed time spent in this place.
 B = Non-inter-level travel time spent in this place.
 C = Inter-level travel time spent in this place.
 D = Time resting spent in this place.
 E = Time spent auto-exploring this place.
 F = Levels seen in this place.
 G = Mean time per level.
                   A        B        C        D        E       F      G
               +--------+--------+--------+--------+--------+-----+--------+
         Total |    203 |    203 |      0 |    100 |     52 |   1 |  203.0 |
       Dungeon |    203 |    203 |      0 |    100 |     52 |   1 |  203.0 |
               +--------+--------+--------+--------+--------+-----+--------+

Top non-repeatable levels by time:
     D:1: 203 daAuts
